Map: Disco Bloodbath LE

Players

Zanster - Winner!

  • Race: Zerg Zerg
  • Spawn Location: 9:00

Lambo

  • Race: Zerg Zerg
  • League: Grandmaster
  • Spawn Location: 3:00

Event: HomeStory Cup XX

VOD

Have the link to the VOD?

Description

Time

  • Played on: Nov. 22, 2019, 8:33 a.m.
  • Length: 7:39

All games in this series

Show
View Real Time Build Order
Export as new Build Order

Zanster Zerg - Winner!

Build Orders: Hatch First 

Get SALT Encoding   

  12  0:00  Drone  
  13  0:13  Overlord  
  13  0:16  Drone  
  14  0:31  Drone x2  
  16  0:48  Hatchery  
  15  0:50  Drone  
  15  0:54  Drone  
  17  0:57  Drone  
  18  1:08  Extractor  
  17  1:12  Spawning Pool  
  17  1:15  Drone  
  17  1:19  Drone  
  18  1:28  Drone  
  20  1:40  Drone  
  20  1:50  Drone  
  21  1:59  Queen x2  
  21  2:01  Overlord  
  25  2:02  Drone  
  26  2:12  Drone x2  
  26  2:13  Metabolic Boost  
  28  2:23  Zergling x2  
  28  2:24  Drone  
  30  2:33  Hatchery  
  30  2:34  Zergling x2  
  30  2:37  Zergling x2  
  30  2:44  Baneling Nest  
  30  2:46  Drone  
  30  2:49  Overlord  
  31  2:53  Drone  
  32  3:01  Zergling x2  
  33  3:08  Queen  
  33  3:10  Drone x4  
  39  3:14  Drone  
  39  3:16  Drone  
  39  3:18  Zergling x2  
  42  3:23  Overlord  
  42  3:26  Drone  
  43  3:27  Drone  
  44  3:38  Evolution Chamber  
  42  3:41  Drone  
  42  3:42  Drone x5  
  42  3:44  Drone  
  42  3:45  Drone  
  50  3:48  Drone  
  50  3:52  Lair  
  51  3:57  Overlord  
  51  3:58  Drone  
  51  4:00  Drone  
  51  4:02  Drone  
  54  4:05  Zerg Missile Weapons Level 1  
  54  4:08  Drone x2  
  56  4:13  Drone  
  56  4:16  Roach Warren  
  56  4:18  Overlord  
  56  4:19  Drone  
  56  4:20  Drone  
  56  4:21  Drone  
  56  4:23  Drone  
  56  4:24  Drone  
  61  4:26  Extractor  
  61  4:27  Extractor  
  61  4:28  Extractor, Drone  
  61  4:29  Drone  
  61  4:30  Extractor  
  59  4:31  Drone  
  59  4:33  Drone  
  59  4:34  Drone  
  59  4:35  Drone  
  63  4:39  Drone  
  63  4:40  Drone x2  
  65  4:47  Overlord  
  65  4:51  Drone x4  
  69  4:57  Overlord x2  
  69  4:59  Glial Reconstitution  
  69  5:02  Roach x2  
  69  5:06  Roach  
  69  5:07  Roach x3  
  81  5:17  Nydus Network  
  81  5:18  Overlord  
  80  5:23  Roach x4  
  80  5:26  Overlord  
  80  5:27  Roach x2  
  92  5:31  Roach x2  
  96  5:39  Roach x4  
  96  5:41  Overlord  
  102  5:46  Roach x3  
  102  5:47  Overlord  
  108  5:56  Nydus Canal  
  110  5:57  Roach x2  
  110  5:58  Overlord x2  
  110  6:02  Roach x3  
  120  6:04  Roach  
  120  6:07  Roach x2  
  124  6:12  Nydus Canal  
  124  6:13  Roach x2  
  128  6:18  Roach  
  128  6:19  Roach x2  
  128  6:23  Overlord  
  133  6:26  Roach  
  121  6:36  Roach x7  
  133  6:46  Roach x6  
  139  6:48  Roach  
  139  6:53  Roach  
  125  6:57  Roach x2  
  119  7:05  Roach x3  
  119  7:11  Roach x7  
  131  7:20  Overlord  
  119  7:35  Hatchery  
Show
View Real Time Build Order
Export as new Build Order

Lambo Zerg 

Build Orders: Hatch First 

Get SALT Encoding   

  12  0:00  Drone  
  13  0:13  Overlord  
  13  0:17  Drone  
  14  0:31  Drone x2  
  16  0:48  Hatchery  
  15  0:51  Drone  
  15  0:55  Drone  
  17  0:58  Drone  
  18  1:09  Extractor  
  17  1:13  Spawning Pool  
  17  1:16  Drone  
  17  1:19  Drone  
  18  1:29  Drone  
  19  1:39  Drone  
  20  1:54  Drone  
  21  1:59  Queen  
  21  2:00  Zergling x2, Queen  
  27  2:01  Zergling x2  
  27  2:08  Metabolic Boost  
  27  2:13  Overlord  
  27  2:14  Drone  
  28  2:31  Hatchery  
  28  2:32  Drone  
  28  2:34  Drone  
  28  2:37  Drone  
  30  2:39  Drone  
  30  2:44  Drone  
  32  2:47  Overlord  
  32  2:55  Overlord  
  32  2:56  Drone  
  33  3:02  Baneling Nest  
  33  3:05  Drone  
  33  3:06  Drone  
  33  3:09  Drone x3  
  33  3:10  Zergling x2  
  38  3:14  Zergling x2  
  38  3:16  Drone  
  38  3:19  Drone  
  41  3:20  Drone  
  41  3:27  Evolution Chamber  
  41  3:30  Drone  
  41  3:31  Drone  
  41  3:33  Queen  
  45  3:39  Drone x2  
  45  3:40  Drone x2  
  48  3:42  Drone  
  48  3:43  Drone  
  48  3:46  Drone  
  51  3:49  Drone x2  
  51  3:51  Drone  
  51  3:54  Overlord  
  54  3:57  Drone  
  54  4:00  Zerg Missile Weapons Level 1  
  55  4:03  Extractor, Drone x2  
  55  4:05  Extractor, Drone  
  56  4:12  Drone  
  56  4:13  Drone  
  56  4:15  Drone x5  
  56  4:16  Drone  
  63  4:21  Drone  
  63  4:22  Roach Warren  
  63  4:27  Drone x2  
  63  4:29  Overlord  
  63  4:31  Lair  
  65  4:36  Overlord  
  65  4:39  Overlord  
  65  4:42  Overlord  
  65  4:43  Drone  
  66  4:47  Extractor  
  66  4:48  Drone x5  
  66  4:49  Drone  
  66  4:50  Extractor  
  66  4:51  Extractor, Pneumatized Carapace  
  70  4:52  Drone  
  70  4:56  Overlord  
  70  4:57  Drone x2  
  70  4:59  Overlord  
  72  5:01  Drone  
  72  5:04  Drone  
  74  5:10  Roach  
  76  5:14  Roach  
  76  5:15  Roach x2  
  76  5:16  Drone  
  76  5:19  Roach x4  
  76  5:21  Overlord  
  91  5:22  Overlord  
  91  5:25  Roach  
  91  5:26  Overlord  
  93  5:28  Overlord  
  93  5:30  Overseer  
  91  5:39  Drone  
  92  5:43  Hatchery  
  92  5:45  Evolution Chamber  
  92  5:46  Roach x4  
  98  5:53  Roach x6  
  98  5:54  Spine Crawler, Roach  
  113  5:58  Roach x3  
  113  6:03  Roach x2  
  123  6:06  Glial Reconstitution, Overlord  
  123  6:09  Roach x2  
  127  6:13  Ravager  
  127  6:16  Roach  
  130  6:19  Roach x4  
  130  6:24  Roach x3  
  137  6:27  Roach x2  
  137  6:32  Roach  
  123  6:33  Roach  
  123  6:39  Roach  
  125  6:43  Roach  
  125  6:45  Roach  
  123  6:48  Roach  
  123  6:51  Roach x2  
  113  6:54  Roach  
  113  6:56  Roach  
  113  7:00  Roach  
  109  7:02  Roach  
  109  7:05  Roach  
  101  7:08  Roach  
  101  7:09  Roach  
  101  7:11  Roach x2  
  101  7:14  Roach  
Tags
 
Add a new tag
Caveats
  • Supply blocks, unpowered buildings, or Contaminate may cause inaccurate times.
  • Supply counts are checked every 10 seconds.